 Dungeon Crawl Stone Soup version 0.26-a0-264-g3a471323bd (webtiles) character file.

Game seed: 3039823190777958870

123 BritishOli the Covered (level 4, -2/35 HPs)
             Began as a Demonspawn Fighter on July 11, 2020.
             Slain by an orc priest
             ... wielding a +0 short sword
              (4 damage)
             ... on level 3 of the Dungeon.
             The game lasted 00:01:34 (2242 turns).

BritishOli the Covered (Demonspawn Fighter)         Turns: 2242, Time: 00:01:35

Health: -2/35      AC: 11    Str: 17    XL:     4   Next: 80%
Magic:  4/4        EV:  7    Int: 10    God:
Gold:   70         SH:  9    Dex: 12    Spells: 3/3 levels left

rFire    . . .     SeeInvis .   a - +0 long sword
rCold    . . .     Faith    .   c - +0 kite shield
rNeg     . . .     Spirit   .   b - +0 scale mail
rPois    .         Reflect  .   (no helmet)
rElec    .         Harm     .   l - +0 cloak
rCorr    .                      o - +0 pair of gloves
MR       .....                  h - +1 pair of boots
Stlth    ..........             (no amulet)
HPRegen  0.11/turn              (no ring)
MPRegen  0.09/turn              (no ring)

@: no status effects
A: talons 1
a: no special abilities


You were on level 3 of the Dungeon.
You were not hungry.

You visited 1 branch of the dungeon, and saw 3 of its levels.

You collected 70 gold pieces.

Inventory:

Hand Weapons
 a - a +0 long sword (weapon)
Missiles
 m - a throwing net (quivered)
Armour
 b - a +0 scale mail (worn)
 c - a +0 kite shield (worn)
 h - a +1 pair of boots (worn)
 l - a +0 cloak (worn)
 o - a +0 pair of gloves (worn)
Scrolls
 e - 2 scrolls of blinking {unknown}
 i - 2 scrolls of fear {unknown}
 j - a scroll of teleportation {unknown}
 n - 2 scrolls of identify {unknown}
Potions
 d - 3 potions of might
 g - a potion of berserk rage {unknown}
 k - a potion of curing {unknown}
Comestibles
 f - 8 rations


   Skills:
 + Level 3.5 Fighting
 * Level 2.9 Long Blades
 * Level 3.6 Armour
 + Level 3.3 Shields


You had 3 spell levels left.
You didn't know any spells.
Your spell library was empty.

Dungeon Overview and Level Annotations

Branches:
Dungeon (3/15)

Altars:


Innate Abilities, Weirdness & Mutations

You have sharp toenails.


Message History

You barely miss the orc priest.
The orc priest is severely wounded.
The orc priest barely misses you. The orc hits you with a +0 flail.
* * * LOW HITPOINT WARNING * * *
You block the orc priest's attack.
The orc priest hits you with a +0 morningstar!
* * * LOW HITPOINT WARNING * * *
Your shield and scale mail prevent you from hitting the orc priest.
The orc priest is severely wounded.
You block the orc's attack.
The orc priest hits you but does no damage. x2
Unknown command.
You barely miss the orc priest.
The orc priest is heavily wounded.
The orc hits you but does no damage.
The orc priest hits you but does no damage.
The orc priest hits you with a +0 morningstar.
* * * LOW HITPOINT WARNING * * *
The orc priest hits you with a +0 short sword.
You die...

#......##......... .
#..#...##.###..##...
####........†......#
#...#......##....#
#...##.###.###..!#
#.####..##.....# #.#
##....###.# #.#
#....# #.# #..@o#
#.. #.oo....#
#.>......#
............
......(....##
.............#
.....######### .....


You could see 2 orc priests and an orc.

Vanquished Creatures
  4 gnolls
  4 adders
  A dart slug (D:1)
  A leopard gecko (D:1)
  6 bats
  6 giant cockroaches
  3 hobgoblins
  2 jackals (D:2)
  A quokka (D:2)
  3 frilled lizards
  4 goblins
  3 kobolds
  11 rats
49 creatures vanquished.

Notes
Turn   | Place    | Note
-------+----------+-------------------------------------------
     0 | D:1      | BritishOli the Demonspawn Fighter began the quest for the
                  | Orb.
     0 | D:1      | Reached XP level 1. HP: 18/18 MP: 1/1
   152 | D:1      | Gained mutation: You have sharp toenails. [demonic
                  | ancestry]
   152 | D:1      | Reached XP level 2. HP: 24/24 MP: 2/2
   914 | D:1      | Reached XP level 3. HP: 29/29 MP: 3/3
  1285 | D:2      | Reached XP level 4. HP: 21/35 MP: 4/4
  2242 | D:3      | Slain by an orc priest

Illustrated notes

Levels and vault maps discovered:
D:1:      minmay_arrival_four_loops, layout_basic
D:2:      layout_loops_corners, corexii_item_surrounded_by_moat
D:3:      layout_rooms

Skill      XL: |  1  2 |
---------------+-------+-----
Long Blades    | 2 |  2.9
Armour         | 3 |  3.6
Shields        | 3 |  3.3
Fighting       | |  3.5

Action                   |  1- 3 |  4- 6 || total
-------------------------+-------+-------++-------
Melee: Long sword        |   100 |    80 ||   180
  Eat: Ration            |     1 |     1 ||     2
Armor: Scale mail        |    57 |    58 ||   115
Dodge: Dodged            |    33 |    32 ||    65
Block: Kite shield       |    53 |    37 ||    90
       Rpst.: Long sword |    11 |    11 ||    22

Table legend:
 A = Non-vault XP
 B = Vault XP
 C = Vault XP percentage of total XP
 D = Non-vault monster count
 E = Vault monster count
 F = Vault count percentage of total count
                 A         B        C        D         E       F
            +---------+---------+-------+---------+---------+-------
      Total |     177 |       0 |   0.0 |      49 |       0 |   0.0
            +---------+---------+-------+---------+---------+-------
        D:1 |      77 |       0 |   0.0 |      24 |       0 |   0.0
        D:2 |      82 |       0 |   0.0 |      21 |       0 |   0.0
        D:3 |      18 |       0 |   0.0 |       4 |       0 |   0.0
            +---------+---------+-------+---------+---------+-------
